 Dungeon Crawl Stone Soup version 0.21-a0-203-gb066a6e (webtiles) character file.

7714 epen the Martial Artist (level 11, -24/99 HPs)
             Began as a Naga Transmuter on Aug 19, 2017.
             Was an Elder of Cheibriados.
             Annihilated by an orc knight
             ... wielding a +0 halberd
              (32 damage)
             ... in a bailey.
             The game lasted 00:33:14 (12108 turns).

epen the Martial Artist (Naga Transmuter)          Turns: 12108, Time: 00:33:15

Health: -24/99     AC: 15    Str: 23    XL:     11   Next: 19%
Magic:  6/20       EV: 12    Int: 27    God:    Cheibriados [****..]
Gold:   386        SH:  0    Dex: 25    Spells: 8/22 levels left

rFire    + . .     SeeInvis +     - Unarmed
rCold    + . .     Gourm    .   (shield currently unavailable)
rNeg     . . .     Faith    .   N - +0 troll leather armour
rPois    +         Spirit   .   l - +0 helmet
rElec    .         Reflect  .   v - +2 cloak
rCorr    .         Harm     .   (gloves currently unavailable)
MR       +....                  A - +2 naga barding {rC+}
Stlth    ++........             (no amulet)
HPRegen  0.66/turn              i - +4 ring of intelligence
MPRegen  0.17/turn              H - ring of protection from fire

@: blade hands, very slightly contaminated, invisible, very slow
A: claws 1, stinger 1, see invisible, deformed body, poison resistance, slowness
2, slow metabolism 1, spit poison 1, MP-powered wands, AC +3
a: Spit Poison, End Transformation, Bend Time, Temporal Distortion, Slouch,
Renounce Religion


You were in a bailey.
You worshipped Cheibriados.
Cheibriados was greatly pleased with you.
You were not hungry.
You had blades for hands.
You visited 1 branch of the dungeon, and saw 10 of its levels.
You also visited: Bailey.

You collected 386 gold pieces.

Inventory:

Hand Weapons
 k - a +2 dagger of venom
Missiles
 a - 194 arrows
Armour
 b - a +0 robe
 h - a +0 pair of gloves (melded)
 l - a +0 helmet (worn)
 v - a +2 cloak (worn)
 A - a +2 naga barding of cold resistance (worn)
 K - +0 steam dragon scales
 N - a +0 troll leather armour (worn)
Jewellery
 i - a +4 ring of intelligence (left scythe-like blade)
 y - an uncursed amulet of faith {unknown}
 E - an uncursed ring of poison resistance
 H - a ring of protection from fire (right scythe-like blade)
Wands
 p - a wand of paralysis (5/24)
 t - a wand of polymorph (6/24)
 w - a wand of paralysis (10/24)
 B - a wand of flame (3/48)
 F - a wand of confusion (0/48)
 I - a wand of paralysis (17/24)
 J - a wand of lightning (0/15)
 P - a wand of paralysis (9/24)
 Q - a wand of scattershot (1/9)
Scrolls
 e - 2 scrolls of amnesia
 f - 4 scrolls of magic mapping
 g - 3 scrolls of teleportation
 m - 4 scrolls of remove curse
 r - 3 scrolls of enchant armour
 D - a scroll of fog
 M - 2 scrolls of recharging
 R - a scroll of summoning
Potions
 j - 2 potions of flight
 o - a potion of might {unknown}
 u - a potion of heal wounds {unknown}
 x - a potion of magic {unknown}
 z - a potion of berserk rage
 C - 2 potions of ambrosia {unknown}
 L - 2 potions of agility {unknown}
 O - 3 potions of curing
Books
 c - a book of Changes

   Spells                             Type                      Level
   a - Beastly Appendage              Transmutation                1
   b - Sticks to Snakes               Transmutation                2
   c - Spider Form                    Transmutation/Poison         3
   d - Ice Form                       Ice/Transmutation            4
   e - Blade Hands                    Transmutation                5
Comestibles
 d - 11 bread rations
 n - 6 royal jellies
 q - 5 fruits
 s - 4 meat rations


   Skills:
 + Level 6.6 Fighting
 + Level 5.5 Dodging
 * Level 9.8 Unarmed Combat
 + Level 6.1 Spellcasting
 * Level 9.1 Transmutations


You had 8 spell levels left.
You knew the following spells:

 Your Spells              Type           Power        Failure   Level  Hunger
a - Blade Hands           Tmut           ######....   32%         5    #####..
b - Sticks to Snakes      Tmut           ######..     10%         2    None
c - Spider Form           Tmut/Pois      ####......   26%         3    None
d - Ice Form              Ice/Tmut       ####....     47%         4    ###....


Dungeon Overview and Level Annotations

Branches:
Dungeon (10/15)            Temple (0/1) D:4            Lair (0/6) D:8
    Orc: D:9-12

Altars:
Cheibriados
Hepliaklqana
Makhleb
Nemelex Xobeh
Qazlal
Ru
Trog
Wu Jian
Yredelemnul
The Shining One


Innate Abilities, Weirdness & Mutations

You cannot wear boots.
Your serpentine skin is tough. (AC +3)
You have supernaturally acute eyesight. (SInv)
Armour fits poorly on your strangely shaped body.
Your system is resistant to poisons. (rPois)
You cover ground very slowly.
You have a slow metabolism.
You can spit poison.
You have sharp fingernails.
Your tail ends in a poisonous barb.
You expend magic power (3 MP) to strengthen your wands.


Message History

* * * LOW HITPOINT WARNING * * *
You fade into invisibility!
The orc warrior no longer looks unusually strong.
The orc knight hits you with a halberd!
* * * LOW HITPOINT WARNING * * *
You are very lightly contaminated with residual magic.
Unknown command.
You closely miss the orc knight.
Your tail-slap misses the orc knight.
Your slash misses the orc knight.
The orc knight roars a battlecry!
The orc warrior goes into a battle-frenzy!
You slice the orc knight!!
You tail-slap the orc knight, but do no damage.
The orc knight is moderately wounded.
The orc knight hits you with a halberd.
* * * LOW HITPOINT WARNING * * *
You slice the orc knight!!
The orc knight is heavily wounded.
The orc knight hits you with a halberd!!
You die...

### ###
##.###########∩## #####
#(..##.....##...##.....
#...#..≈≈≈..#...#..≈≈≈.
#...#.≈≈.≈≈.......≈≈o≈≈
#..)')≈.))≈.......≈oo.≈
#..)#(≈≈.≈≈(...(o.≈≈o≈≈
#...#..≈≈≈..#((@#..≈≈≈.
#...##.....##.∩.# .....
##.###########∩## ####
### ###


You could see 3 orc knights and 2 orc warriors.

Vanquished Creatures
  2 two-headed ogres (D:9)
  An orc knight (Bailey)
  A slime creature (D:8)
  2 trolls
  A hippogriff (D:10)
  A wyvern (D:9)
  A spriggan (D:9)
  The ghost of epen the Insei, an amateur GnTm of Cheibriados (D:3)
  A steam dragon (D:8)
  2 ice beasts
  9 orc warriors
  A necrophage (D:6)
  3 wolves (D:8)
  3 phantoms
  4 centaurs
  A crocodile (D:9)
  A big kobold (D:7)
  9 bullfrogs
  A wyvern zombie (D:7)
  A scorpion (D:8)
  3 wights (D:8)
  An electric eel (D:8)
  2 howler monkeys
  3 crimson imps
  7 hounds
  8 jellies
  A quasit (D:5)
  Crazy Yiuf (D:2)
  A bullfrog skeleton (D:5)
  2 orc priests
  3 orc wizards
  Natasha (thrice) (D:2)
  2 iguanas
  5 worker ants
  A killer bee zombie (D:7)
  2 hound zombies
  A worker ant zombie (D:5)
  Robin (D:2)
  A gnoll (D:1)
  11 adders
  A shadow imp (D:7)
  3 oozes (D:8)
  An adder skeleton (D:5)
  4 worms
  2 dart slugs (D:1)
  7 leopard geckos
  31 orcs
  8 bats
  6 giant cockroaches
  21 goblins
  13 hobgoblins
  13 jackals
  11 kobolds
  3 quokkas
  2 ball pythons
  7 frilled lizards
  A jackal zombie (D:5)
  A leopard gecko skeleton (D:4)
  2 quokka skeletons
  A quokka zombie (D:5)
  14 rats
257 creatures vanquished.

Vanquished Creatures (collateral kills)
  An ogre (D:5)
  An orc wizard (D:7)
  An orc (D:7)
  3 kobolds (D:7)
  A rat (D:2)
7 creatures vanquished.

Vanquished Creatures (others)
  10 fungi (D:8)
  6 toadstools (D:8)
16 creatures vanquished.

Grand Total: 280 creatures vanquished

Notes
Turn   | Place    | Note
-------+----------+-------------------------------------------
     0 | D:1      | epen the Naga Transmuter began the quest for the Orb.
     0 | D:1      | Reached XP level 1. HP: 18/18 MP: 3/3
   340 | D:1      | Reached XP level 2. HP: 15/25 MP: 5/5
   640 | D:1      | Learned a level 2 spell: Sticks to Snakes
   957 | D:1      | Reached XP level 3. HP: 27/31 MP: 6/6
   996 | D:1      | Found a sparkling altar of Nemelex Xobeh.
  1133 | D:1      | Learned a level 3 spell: Spider Form
  1374 | D:2      | Noticed Robin
  1407 | D:2      | Killed Robin
  1407 | D:2      | Reached XP level 4. HP: 6/39 MP: 3/7
  1810 | D:2      | Noticed Natasha
  1832 | D:2      | Killed Natasha
  2370 | D:2      | Found a runed door.
  2403 | D:2      | Noticed Natasha
  2409 | D:2      | Killed Natasha
  2409 | D:2      | Reached XP level 5. HP: 42/45 MP: 5/8
  2419 | D:2      | Noticed Natasha
  2428 | D:2      | Killed Natasha
  2444 | D:2      | Noticed a moth of wrath
  2502 | D:2      | Found a bloodstained altar of Trog.
  2691 | D:2      | Noticed Crazy Yiuf
  2699 | D:2      | Killed Crazy Yiuf
  2909 | D:3      | Found a hazy altar of Hepliaklqana.
  2928 | D:3      | Noticed epen's ghost (amateur GnTm)
  3235 | D:3      | Killed epen's ghost
  3235 | D:3      | Reached skill level 5 in Unarmed Combat
  3235 | D:3      | Reached XP level 6. HP: 5/55 MP: 5/10
  3513 | D:3      | Gained mutation: You do not regenerate when monsters are visible. [potion of mutation]
  3513 | D:3      | Gained mutation: You are clumsy. (Dex -2) [potion of mutation]
  3513 | D:3      | Gained mutation: You are partially covered in thin metallic scales. (AC +2) [potion of mutation]
  3940 | D:4      | Learned a level 5 spell: Blade Hands
  4109 | D:4      | Found a basalt altar of Yredelemnul.
  4401 | D:4      | Found a sparkling altar of Nemelex Xobeh.
  4514 | D:4      | Found a staircase to the Ecumenical Temple.
  4646 | D:4      | Reached XP level 7. HP: 51/61 MP: 11/11
  5099 | D:5      | Entered Level 5 of the Dungeon
  5862 | D:5      | Lost mutation: You do not regenerate when monsters are visible. [potion of mutation]
  5862 | D:5      | Lost mutation: You are partially covered in thin metallic scales. (AC +2) [potion of mutation]
  5862 | D:5      | Lost mutation: You are clumsy. (Dex -2) [potion of mutation]
  5862 | D:5      | Gained mutation: You have sharp fingernails. [potion of mutation]
  5862 | D:5      | Gained mutation: Your tail ends in a poisonous barb. [potion of mutation]
  5937 | D:5      | Identified a scroll of acquirement
  5949 | D:5      | Reached XP level 8. HP: 69/69 MP: 6/13
  6314 | D:5      | Found a glowing golden altar of the Shining One.
  6755 | D:6      | Reached skill level 5 in Transmutations
  7025 | D:6      | Found a burning altar of Makhleb.
  7064 | D:6      | Found an ornate altar of the Wu Jian Council.
  7068 | D:6      | Found a snail-covered altar of Cheibriados.
  7084 | D:6      | Became a worshipper of Cheibriados the Contemplative
  7716 | D:7      | Reached XP level 9. HP: 24/78 MP: 9/15
  7980 | D:7      | Reached * piety under Cheibriados
  8099 | D:7      | Found a sacrificial altar of Ru.
  8176 | D:7      | Learned a level 4 spell: Ice Form
  8809 | D:8      | Noticed a troll
  8824 | D:8      | Killed a troll
  9227 | D:8      | Reached ** piety under Cheibriados
  9231 | D:8      | Reached skill level 5 in Fighting
  9259 | D:8      | Reached skill level 5 in Spellcasting
  9435 | D:8      | Paralysed by a centaur for 7 turns
  9742 | D:8      | Reached *** piety under Cheibriados
  9742 | D:8      | Reached XP level 10. HP: 66/88 MP: 17/17
 10404 | D:8      | Found a staircase to the Lair.
 10662 | D:9      | Noticed a two-headed ogre
 10667 | D:9      | Killed a two-headed ogre
 10689 | D:9      | Gained mutation: You expend magic power (3 MP) to strengthen your wands. [mutagenic glow]
 11050 | D:9      | Reached **** piety under Cheibriados
 11050 | D:9      | Reached skill level 5 in Dodging
 11224 | D:9      | Found a stormy altar of Qazlal.
 11302 | D:9      | Noticed a two-headed ogre
 11330 | D:9      | Killed a two-headed ogre
 11373 | D:10     | Entered Level 10 of the Dungeon
 11428 | D:10     | Reached XP level 11. HP: 76/98 MP: 14/20
 11453 | D:10     | Found a flagged portal.
 11460 | Bailey   | Entered a bailey
 11460 | Bailey   | Noticed an orc knight
 11461 | Bailey   | Noticed an orc knight
 11461 | Bailey   | Noticed an orc knight
 11677 | Bailey   | Killed an orc knight
 12103 | Bailey   | Noticed an orc knight
 12108 | Bailey   | Annihilated by an orc knight

Vault maps used:
D:1:      erik_arrival_cave_to_civilisation, nemelex_diamond_rough_becter
D:2:      tgw_trog, uniq_robin, uniq_natasha, uniq_crazy_yiuf_cottage
D:3:      lemuel_doored_altar
D:4:      lemuel_coloured_pillars_altar, nicolae_overflow_crystal_walls,
          minmay_temple_entry_from_below_a, corexii_item_surrounded_by_moat
D:5:      tso_oasis_becter, first_bread
D:6:      kennysheep_mini, grunt_temple_overflow_open
D:7:      nicolae_ru_sacrificial_ziggurat
D:8:      cheibrodos_fertilizer, erik_lair_island
D:9:      kennysheep_mini_moat, serial_glass, glass_columns_c, glass_columns_b,
          the_bakery
D:10:     enter_bailey_3
Bailey:   bailey_polearm_4, bailey

Skill      XL: |  1  2  3  4  5  6  7  8  9 10 11 |
---------------+----------------------------------+-----
Dodging        | 2 3 4 5 |  5.5
Unarmed Combat | 4 5 6 8 9 |  9.8
Fighting       | 2 3 4 5 6 |  6.6
Spellcasting   | 3 4 5 6 |  6.1
Transmutations | 3 4 5 7 8 9 |  9.1

Action                   |  1- 3 |  4- 6 |  7- 9 | 10-12 || total
-------------------------+-------+-------+-------+-------++-------
Melee: Unarmed           |   122 |    24 |   299 |   146 ||   591
       Punch             |     2 |       |    11 |     8 ||    21
       Dagger            |       |   179 |   130 |       ||   309
       Tailslap          |       |       |    49 |    24 ||    73
 Cast: Spider Form       |     2 |     1 |     2 |       ||     5
       Sticks to Snakes  |       |    12 |    19 |     7 ||    38
       Blade Hands       |       |       |     7 |    13 ||    20
       Ice Form          |       |       |     1 |     1 ||     2
 Abil: Spit Poison       |     2 |     2 |       |       ||     4
Evoke: Wand              |       |       |       |    23 ||    23
  Use: Potion            |     1 |     3 |     4 |     1 ||     9
       Scroll            |       |    11 |     7 |     1 ||    19
 Stab: Sleeping          |     1 |       |     3 |       ||     4
       Distracted        |       |     1 |       |     1 ||     2
  Eat: Chunk             |     1 |     9 |    11 |     8 ||    29
       Meat ration       |       |       |     1 |       ||     1
Armor: Robe              |    20 |    59 |   244 |     7 ||   330
       Skin              |     7 |       |     3 |       ||    10
       Troll leather arm |       |       |       |    60 ||    60
Dodge: Dodged            |    81 |   109 |   296 |    88 ||   574
